 Dungeon Crawl Stone Soup version 0.26.1-11-gd32895ea62 (webtiles) character file.

Game seed: 3413560342652462428

752 Bliebski the Insei (level 7, -2/46 HPs)
             Began as an Octopode Transmuter on Apr 26, 2021.
             Was an Initiate of Gozag.
             Slain by a sky beast (5 damage)
             ... on level 5 of the Dungeon on Apr 30, 2021.
             The game lasted 00:12:22 (4905 turns).

Bliebski the Insei (Octopode Transmuter)            Turns: 4905, Time: 00:12:23

Health: -2/46      AC:  1    Str:  7    XL:     7   Next: 78%
Magic:  12/12      EV: 12    Int: 16    God:    Gozag
Gold:   134        SH:  6    Dex: 14    Spells: 9/13 levels left

rFire    x . .     SeeInvis .     - Unarmed
rCold    + . .     Faith    .   t - +0 kite shield
rNeg     . . .     Spirit   .   (helmet currently unavailable)
rPois    .         Reflect  .   (no amulet)
rElec    .         Harm     .   u - ring of ice
rCorr    .         Rampage  .   (no ring)
Will     .....                  (no ring)
Stlth    ++........             (no ring)
HPRegen  0.15/turn              (no ring)
MPRegen  0.13/turn              (no ring)
                                (no ring)
                                (no ring)

@: appendages (expiring)
A: almost no armour, stealthy swim, amphibious, 8 rings, constrict 8, tentacle
spike 3, camouflage 1, sense surroundings 1, weak 1, gelatinous body 1
a: End Transformation, Renounce Religion, Potion Petition, Call Merchant, Bribe
Branch


You were on level 5 of the Dungeon.
You worshipped Gozag.
Gozag was aware of your devotion.
One of your tentacles had a temporary spike.
You visited 2 branches of the dungeon, and saw 6 of its levels.

You collected 230 gold pieces.
You spent 45 gold pieces at shops.
You paid 51 gold pieces to Gozag.

Inventory:

Missiles
 h - 43 poisoned darts (quivered)
Armour
 t - a +0 kite shield (worn)
Jewellery
 u - a ring of ice (left tentacle)
Wands
 n - a wand of random effects (16)
 r - a wand of iceblast (4)
Scrolls
 b - a scroll of enchant weapon {unknown}
 c - 2 scrolls of identify
 d - 3 scrolls of enchant armour {unknown}
 e - 2 scrolls of amnesia {unknown}
 f - a scroll of blinking {unknown}
 k - 2 scrolls of fog {unknown}
 o - a scroll of teleportation {unknown}
 s - a scroll of remove curse {unknown}
Potions
 a - 2 potions of heal wounds
 g - a potion of resistance
 i - a potion of magic {unknown}
 j - a potion of degeneration {unknown}
 l - a potion of brilliance {unknown}
 m - a potion of might {unknown}
 p - 3 potions of attraction
 q - a potion of lignification {unknown}


   Skills:
 + Level 3.5 Fighting
 + Level 4.3 Dodging
 - Level 0.2 Stealth
 + Level 0.1 Shields
 + Level 4.8 Unarmed Combat
 + Level 3.8 Spellcasting
 + Level 4.0 Transmutations


You had 9 spell levels left.
You knew the following spells:

 Your Spells              Type           Power        Failure   Level
a - Beastly Appendage     Tmut           30%          22%         1
b - Spider Form           Tmut/Pois      4%           83%         3

Your spell library contained the following spells:

 Spells                   Type           Power        Failure   Level
 Wereblood                Tmut           15%          34%         2
 Animate Skeleton         Necr           6%           75%         1
 Apportation              Tloc           6%           75%         1
 Corona                   Hex            3%           75%         1
 Summon Small Mammal      Summ           12%          75%         1
 Ice Form                 Ice/Tmut       14%          99%         4
 Blade Hands              Tmut           7%           99%         5


Dungeon Overview and Level Annotations

Branches:
Dungeon (5/15)             Temple (1/1) D:4

Altars:
Dithmenos
Gozag
Nemelex Xobeh
Trog
Uskayaw
Xom
Zin
The Shining One

Shops:
D:4 [

Annotations:
D:3 exclusion: moth of wrath


Innate Abilities, Weirdness & Mutations

You cannot wear most types of armour.
You are very stealthy in the water. (Stealth+)
You are amphibious.
You can wear up to eight rings at the same time.
You can use your tentacles to constrict eight enemies at once.
Your skin changes colour to match your surroundings (Stealth+).
Your rubbery body absorbs attacks. (AC +1, EV +1)
One of your tentacles bears a large vicious spike.
You passively map a small area around you.
You are weak. (Str -2)


Message History

You tentacle-slap the sky beast but do no damage.
You pierce the sky beast, but do no damage.
The sky beast is heavily wounded.
You block the sky beast's attack.
The sky beast flickers out of sight!
Deactivating autopickup; reactivate with Ctrl-A.
Something hits you but does no damage.
You closely miss something. Something barely misses you.
You closely miss something. Something hits you.
* * * LOW HITPOINT WARNING * * *
Something shocks you.
* * * LOW HITPOINT WARNING * * *
Your shield prevents you from hitting something.
You block something's attack.
You tentacle-slap something.
Your tentacle spike misses something.
Your transformation is almost over.
Something hits you.
* * * LOW HITPOINT WARNING * * *
Something shocks you.
You die...
Your body crumbles into a pile of gold.

.......# , $ ,
.......# , , +
.......# , * ,
.).....#, , * .......#
#### , , *
....######..##########
, ....#,
+............#, ,
....+ #............+
....# ,#.....$.@{...#
,
....#######'#######..#
........##..### **,,#*
, ........#.....# ,, ,
, ........'.....#,, ,
,** * ........##+####
######......# ,,
#....'......#, , ,
#....#......#, , *


There were no monsters in sight!

Vanquished Creatures
  Sigmund (D:2)
  A necrophage (D:2)
  5 killer bees (D:4)
  A jelly (D:3)
  An orc priest (D:4)
  Jessica (D:3)
  Ijyb (D:3)
  An orc wizard (D:4)
  A worker ant (D:5)
  Terence (D:3)
  4 adders
  3 oozes
  A worm (D:3)
  3 dart slugs
  2 leopard geckos
  4 orcs
  7 giant cockroaches
  9 goblins
  5 hobgoblins
  2 jackals (D:4)
  2 quokkas
  4 bats
  8 frilled lizards
  6 kobolds
  5 rats
79 creatures vanquished.

Notes
Turn   | Place    | Note
-------+----------+-------------------------------------------
     0 | D:1      | Bliebski the Octopode Transmuter began the quest for the
                  | Orb.
     0 | D:1      | Reached XP level 1. HP: 13/13 MP: 3/3
   163 | D:1      | Reached XP level 2. HP: 14/18 MP: 3/5
   534 | D:1      | Reached XP level 3. HP: 23/23 MP: 3/6
  1028 | D:2      | Noticed a necrophage
  1039 | D:2      | Killed a necrophage
  1040 | D:2      | Reached XP level 4. HP: 24/29 MP: 6/8
  1040 | D:2      | Reached XP level 5. HP: 28/34 MP: 6/9
  1222 | D:2      | Noticed Sigmund
  1459 | D:1      | Learned a level 3 spell: Spider Form
  1467 | D:2      | Killed Sigmund
  1468 | D:2      | Reached XP level 6. HP: 27/41 MP: 7/10
  1860 | D:2      | Found a shadowy altar of Dithmenos.
  2212 | D:3      | Noticed Jessica
  2216 | D:3      | Killed Jessica
  2334 | D:3      | Noticed a moth of wrath
  2337 | D:3      | Found a bloodstained altar of Trog.
  2805 | D:3      | Noticed Ijyb
  2815 | D:3      | Killed Ijyb
  2983 | D:3      | Noticed Terence
  2990 | D:3      | Killed Terence
  2991 | D:3      | Reached XP level 7. HP: 37/45 MP: 8/12
  3219 | D:3      | Gained mutation: You are weak. (Str -2) [potion of
                  | mutation]
  3219 | D:3      | Gained mutation: You passively map a small area around you.
                  | [potion of mutation]
  3734 | D:4      | Found a shimmering altar of Xom.
  4067 | D:4      | Found a staircase to the Ecumenical Temple.
  4079 | D:4      | Found Cinaidweni's Armour Emporium.
  4084 | Temple   | Entered the Ecumenical Temple
  4156 | Temple   | Became a worshipper of Gozag Ym Sagoz the Greedy
  4564 | D:4      | Bought a +0 kite shield for 45 gold pieces
  4593 | D:5      | Entered Level 5 of the Dungeon
  4905 | D:5      | Slain by a sky beast

Illustrated notes

Levels and vault maps discovered:
D:1:      wander_arrival_chamber, layout_rooms, minmay_pentomino_u4
D:2:      layout_loops_cross, grunt_dithmenos_smoke, uniq_sigmund
D:3:      layout_basic, tgw_trog, kennysheep_decorative_pillar, uniq_ijyb,
          uniq_jessica, uniq_terence
D:4:      layout_basic, nicolae_overflow_hidden_temple,
          minmay_temple_entry_stoned_glass, serial_shops, shop_fountains
D:5:      layout_gridville, grunt_temple_overflow_magic_moments,
          overflow_temple_1_default, serial_shops, kennysheep_mini_moat
Temple:   minmay_temple_curvy_loop

Skill      XL: |  1  2  3  4  5  6  7 |
---------------+----------------------+-----
Dodging        | 3 4 |  4.3
Fighting       | 2 3 |  3.5
Unarmed Combat | 4 |  4.8
Spellcasting   | 3 |  3.8
Transmutations | 3 4 |  4.0
Stealth        | |  0.2
Shields        | |  0.1

Action                   |  1- 3 |  4- 6 |  7- 9 || total
-------------------------+-------+-------+-------++-------
Melee: Unarmed           |    53 |    73 |    82 ||   208
       Constrict         |    13 |    16 |    11 ||    40
       Tentacles         |    11 |    19 |     5 ||    35
       Kick              |     9 |    17 |    21 ||    47
       Punch             |     1 |       |     1 ||     2
Throw: Dart              |       |     9 |     1 ||    10
 Cast: Beastly Appendage |    12 |    24 |    10 ||    46
       Spider Form       |       |     1 |     3 ||     4
  Use: Scroll            |       |       |     4 ||     4
       Potion            |       |       |     1 ||     1
 Stab: Sleeping          |       |     5 |     1 ||     6
Armor: Skin              |     3 |     3 |     3 ||     9
Dodge: Dodged            |    26 |    49 |    55 ||   130
Block: Kite shield       |       |       |     6 ||     6
